 Dungeon Crawl Stone Soup version 0.31-a0-1098-g6898e65 (webtiles) character file.

Game seed: 15760630560932112388

1940072 DevouringOne the Demonic Porcupine (level 25, 234/234 HPs)
             Began as a Demonspawn Reaver on Nov 30, 2023.
             Was an Initiate of Gozag.
             Escaped with the Orb
             ... and 3 runes!
             The game lasted 01:40:42 (50439 turns).

DevouringOne the Demonic Porcupine (DsRe)          Turns: 50439, Time: 01:40:42

Health: 234/234    AC: 25    Str: 37    XL:     25   Next: 46%
Magic:  26/26      EV:  7    Int: 12    God:    Gozag
Gold:   988        SH: 26    Dex: 14    Spells: 27/28 levels left

rFire   + + .        a - +18 lance "Wyrmbane" {slay drac, rPois rF+ rC+ AC+3}
rCold   + + .        k - +0 kite shield of Wariness {Regen+ Str+3}
rNeg    + + .        Z - +1 gold dragon scales
rPois   +            z - +2 helmet of Baol Toelae {rN+ Str+4 Dex+4}
rElec   +            (cloak unavailable)
rCorr   +            T - +2 pair of gloves "Vott" {rCorr}
SInv    +            (boots unavailable)
Will    ++...        J - amulet "Gilyebb" {Reflect rElec Int-2 Slay+2 SH+5 SInv} Stlth
                     q - ring of willpower
HPRegen 1.39/turn    x - ring of Zuh Gylo {Fly rN+ Str+6}
MPRegen 0.20/turn

%: reflection
@: flying
A: large bone plates 3, demonic guardian 3, powered by death 3, black mark,
bedeviling, aura of silence, weakness stinger 3, hooves 3, clumsy 1, deformed
body
0: Orb of Zot
}: 3/15 runes: barnacled, silver, gossamer
a: Renounce Religion, Potion Petition, Call Merchant, Bribe Branch


You escaped.
You worshipped Gozag.
Gozag was pleased with you.
You visited 10 branches of the dungeon, and saw 48 of its levels.
You visited 1 ziggurat, and saw 8 of its levels.
You also visited: Trove, Bailey and Gauntlet.

You collected 24227 gold pieces.
You spent 4412 gold pieces at shops.
You paid 18827 gold pieces to Gozag.

Inventory:

Hand Weapons
 a - the +18 lance "Wyrmbane" (weapon) {slay drac, rPois rF+ rC+ AC+3}
   (You took it off a minotaur in a Gauntlet)

   AC+3:      It affects your AC (+3).
   rF+:       It protects you from fire.
   rC+:       It protects you from cold.
   rPois:     It protects you from poison
 p - a +2 spectral trident
Missiles
 s - 7 throwing nets
 C - 49 poisoned darts
 X - 30 curare-tipped darts
Armour
 k - the +0 kite shield of Wariness (worn) {Regen+ Str+3}
   (You bought it in a shop on level 1 of the Lair of Beasts)

   Str+3:     It affects your strength (+3).
   Regen+:    It increases your rate of health regeneration.
 z - the +2 helmet of Baol Toelae (worn) {rN+ Str+4 Dex+4}
   (You bought it in a shop on level 2 of the Orcish Mines)

   Str+4:     It affects your strength (+4).
   Dex+4:     It affects your dexterity (+4).
   rN+:       It protects you from negative energy.
 A - a +2 pair of boots of rampaging
 T - the +2 pair of gloves "Vott" (worn) {rCorr}
   (You found it on level 5 of the Vaults)

   rCorr:     It protects you from acid and corrosion.
 Z - +1 gold dragon scales (worn)
Jewellery
 f - a ring of positive energy
 o - a +4 ring of protection
 q - a ring of willpower (left hand)
 x - the ring of Zuh Gylo (right hand) {Fly rN+ Str+6}
   (You acquired it on level 5 of the Dungeon)

   [ring of strength]

   Str+6:     It affects your strength (+6).
   rN+:       It protects you from negative energy.
   Fly:       It grants you flight.
 B - a ring of protection from fire
 J - the amulet "Gilyebb" (around neck) {Reflect rElec Int-2 Slay+2 SH+5 SInv}
   (You took it off a deep elf knight on level 3 of the Elven Halls)

   [amulet of reflection]

   Reflect:   It reflects blocked missile attacks.
   Int-2:     It affects your intelligence (-2).
   Slay+2:    It affects your accuracy & damage with ranged weapons and melee
   (+2).
   rElec:     It insulates you from electricity.
   SInv:      It lets you see invisible.
   SH+5:      It affects your SH (+5).
Wands
 c - a wand of polymorph (30)
 n - a wand of quicksilver (51)
 w - a wand of digging (11)
 K - a wand of iceblast (42)
 M - a wand of charming (49)
Scrolls
 e - 4 scrolls of noise
 h - 5 scrolls of fear
 j - 4 scrolls of revelation
 u - 3 scrolls of brand weapon
 G - a scroll of blinking
 I - 4 scrolls of teleportation
 L - 2 scrolls of silence
 N - 11 scrolls of enchant weapon
 O - 5 scrolls of fog
 P - 4 scrolls of poison
 R - a scroll of summoning
 U - 4 scrolls of immolation
 Y - 5 scrolls of torment
Potions
 d - 7 potions of enlightenment
 g - 16 potions of heal wounds
 i - 12 potions of ambrosia
 l - 21 potions of curing
 m - 6 potions of cancellation
 r - 2 potions of berserk rage
 t - 7 potions of attraction
 v - 7 potions of magic
 D - 8 potions of invisibility
 E - 3 potions of haste
 H - 8 potions of mutation
 Q - a potion of might
 S - 9 potions of lignification
 V - 6 potions of resistance
Miscellaneous
 b - a phantom mirror
 y - a phial of floods
 F - a lightning rod (4/4)
 W - a box of beasts


   Skills:
 O Level 27 Fighting
 O Level 27 Polearms
 + Level 14.4 Armour
 - Level 1.7 Dodging
 - Level 15.0 Shields
 - Level 2.0 Spellcasting
 - Level 3.0 Conjurations


You had 27 spell levels left.
You knew the following spells:

 Your Spells              Type           Power      Damage    Failure   Level
a - Kiss of Death         Conj/Necr      16%        2d6       89%         1

Your spell library contained the following spells:

 Spells                   Type           Power      Damage    Failure   Level
 Magic Dart               Conj           32%        1d4       71%         1
 Searing Ray              Conj           16%        2d5       85%         2
 Foxfire                  Conj/Fire      16%        2x1d4     89%         1
 Momentum Strike          Conj/Tloc      8%         3d8       96%         2
 Static Discharge         Conj/Air       8%         3-4/arc   96%         2
 Apportation              Tloc           2%         N/A       98%         1
 Necrotise                Necr           4%         1d4       98%         1
 Sandblast                Erth           2%         2d4       98%         1
 Summon Small Mammal      Summ           4%         N/A       98%         1
 Blink                    Tloc           2%         N/A       99%         2
 Call Imp                 Summ           2%         N/A       99%         2
 Cigotuvi's Dreadful Rot  Necr/Pois/Air  2%         N/A       99%         2
 Ensorcelled Hibernation  Hex/Ice        2%         N/A       99%         2
 Jinxbite                 Hex            2%         N/A       99%         2
 Lesser Beckoning         Tloc           2%         N/A       99%         2
 Passwall                 Tmut/Erth      0%         N/A       99%         2
 Poisonous Vapours        Pois/Air       2%         N/A       99%         2
 Sublimation of Blood     Necr           1%         N/A       99%         2
 Hailstorm                Conj/Ice       4%         3d4       99%         3
 Stone Arrow              Conj/Erth      8%         3d7       99%         3
 Gell's Gravitas          Tloc           1%         N/A       100%        3
 Ignite Poison            Fire/Tmut/Pois 1%         N/A       100%        3
 Inner Flame              Hex/Fire       1%         N/A       100%        3
 Mephitic Cloud           Conj/Pois/Air  3%         N/A       100%        3
 Ozocubu's Armour         Ice            1%         N/A       100%        3
 Summon Guardian Golem    Hex/Summ       1%         N/A       100%        3
 Teleport Other           Tloc           1%         N/A       100%        3
 Tukima's Dance           Hex            1%         N/A       100%        3
 Volatile Blastmotes      Fire/Tloc      2%         2d10      100%        3
 Anguish                  Hex/Necr       0%         N/A       100%        4
 Animate Armour           Summ/Erth      2%         N/A       100%        4
 Brom's Barrelling Bould  Conj/Erth      4%         2d3       100%        4
 Cause Fear               Hex            0%         N/A       100%        4
 Dimensional Bullseye     Hex/Tloc       0%         N/A       100%        4
 Dispel Undead            Necr           1%         3d6       100%        4
 Flame Wave               Conj/Fire      4%         2d5       100%        4
 Fulminant Prism          Conj/Hex       3%         3d5       100%        4
 Iskenderun's Mystic Bla  Conj/Tloc      4%         2d3       100%        4
 Leda's Liquefaction      Hex/Erth       0%         N/A       100%        4
 Manifold Assault         Tloc           1%         N/A       100%        4
 Petrify                  Tmut/Erth      1%         N/A       100%        4
 Sticky Flame             Conj/Fire      4%         2d3       100%        4
 Summon Lightning Spire   Summ/Air       1%         N/A       100%        4
 Fireball                 Conj/Fire      2%         3d4       100%        5
 Freezing Cloud           Conj/Ice/Air   1%         6-21      100%        5
 Irradiate                Conj/Tmut      2%         3d12      100%        5
 Iskenderun's Battlesphe  Conj           8%         2d6       100%        5
 Lee's Rapid Deconstruct  Erth           0%         3d4*      100%        5
 Metabolic Englaciation   Hex/Ice        0%         N/A       100%        5
 Yara's Violent Unravell  Hex/Tmut       0%         3d3       100%        5
 Bombard                  Conj/Erth      2%         9d1       100%        6
 Conjure Ball Lightning   Conj/Air       2%         3x3d6     100%        6
 Death Channel            Necr           0%         N/A       100%        6
 Dispersal                Tloc           0%         N/A       100%        6
 Starburst                Conj/Fire      2%         6d3       100%        6
 Enfeeble                 Hex            0%         N/A       100%        7
 Orb of Destruction       Conj           4%         9d5       100%        7
 Spellforged Servitor     Conj/Summ      2%         N/A       100%        7
 Disjunction              Tloc           0%         N/A       100%        8
 Ignition                 Fire           0%         3d3       100%        8
 Infestation              Necr           0%         N/A       100%        8
 Lehudib's Crystal Spear  Conj/Erth      2%         10d2      100%        8
 Dragon's Call            Summ           0%         N/A       100%        9
 Fire Storm               Conj/Fire      2%         8d1       100%        9
 Animate Dead             Necr           Unusable   N/A       N/A         4
 Simulacrum               Ice/Necr       Unusable   N/A       N/A         6

Dungeon Overview and Level Annotations

Branches:
Dungeon (15/15)            Temple (1/1) D:5            Lair (5/5) D:11
 Shoals (4/4) Lair:3       Spider (4/4) Lair:3        Slime (0/5) Lair:4
    Orc (2/2) D:12            Elf (3/3) Orc:2        Vaults (5/5) D:13
  Crypt (0/3) Vaults:2     Depths (4/4) D:15            Zot (5/5) Depths:4
 Bailey (visited)         Gauntlet (visited)

Altars:
Cheibriados
Dithmenos
Fedhas
Gozag
Hepliaklqana
Kikubaaqudgha
Makhleb
Nemelex Xobeh
Okawaru
Qazlal
Ru
Sif Muna
Trog
Uskayaw
Vehumet
Wu Jian
Xom
Yredelemnul

Shops:
D:6 :   D:9 =   Orc:1 [   Orc:2 =[:?   Elf:1 *!=!   Elf:3 *   Lair:1 [
Lair:5 [   Vaults:1 ==(   Vaults:4 *   Depths:1 [   Depths:2 =::   Depths:3 ((

Portals:
Hell: Depths:1 Depths:2 Depths:3 Depths:4
Abyss: Depths:1 Depths:3 Depths:4
Pandemonium: Depths:2

Annotations:
D:5 3 runed translucent doors, SuckSex's ghost, amateur OpSh
D:7 1 runed translucent door, Crazy Yiuf
D:9 2 transporters, arghonaut's ghost, novice DjFE
Vaults:2 36 runed doors


Innate Abilities, Weirdness & Mutations

You are completely covered in large bone plates. (SH +8)
A powerful demonic guardian rushes to your aid.
You regenerate a lot of health from kills.
Your melee attacks may debilitate your foes.
Your hexes are more powerful.
You are surrounded by an aura of silence.
You have a sharp stinger which inflicts weakening toxins.
You have hooves in place of feet.
You are clumsy. (Dex -2)
Armour fits poorly on your strangely shaped body.


Message History

Pikel shouts!
You reach to attack!
You impale Pikel!!
Pikel is drained!
Pikel is severely wounded.
You reach to attack!
You impale Pikel!!
You kill Pikel!
No target in view!
No target in view!
No target in view!
No target in view!
No target in view!
No target in view!
No target in view!
No target in view!
No target in view!
No target in view!
You now have 988 gold pieces (gained 8).
n - a wand of quicksilver (51) (gained 7 charges)
Things that are here:
a +0 whip of freezing; a +0 robe What level of the Dungeon? (default 1, ? - help)
There is a stone staircase leading up here.
You fly upwards.
There is a stone staircase leading down here.
There is a stone staircase leading up here.
You fly upwards.
There is a stone staircase leading down here.
There is a stone staircase leading up here.
You fly upwards.
There is a stone staircase leading down here.
Blink to where?
Press: ? - help, Q - select action, (/) - cycle Dir - move target
Okay, then.
Okay, then.
Blink to where?
Press: ? - help, Q - select action, (/) - cycle Dir - move target
As you read the scroll of blinking, it crumbles to dust.
Blink to where?
Press: ? - help, Q - select action, (/) - cycle Dir - move target
As you read the scroll of blinking, it crumbles to dust.
You have escaped!

†# #### #..# #### .# #..###
##.## ###..# .#
#....####...####....# .#
##.....#..~..#.....##
.#######8..~....~....~..8#
.##...###...~..~~~..~...##
......##.....~~~~~~~.....##
......#....~~~~...~~~~....#
......#..~~~~~..@..~~~~~..#
......#....~~~~...~~~~....#
......##.....~~~~~~~.....##
.##...###...~..~~~..~...##
########8..~....~....~..8#
##.....#..~..#.....##
#....####...####....#
#..### ##.## ####..#######
#### #.# #............


There were no monsters in sight!

Vanquished Creatures
  2 pandemonium lords
  2 dread liches (Depths:4)
  3 orbs of fire (Zot:5)
  3 ancient liches
  The ghost of Nacytt the Conqueror, a legendary MiFi of Cheibriados (Zot:5)
  5 curse toes
  Nikola (Shoals:1)
  4 golden dragons
  Norris (Elf:3)
  The ghost of Kauz the Executioner, an adept HOBr of Beogh (Vaults:4)
  Arachne (Spider:2)
  5 electric golems
  Jorgrun (Spider:3)
  A hellephant (Zot:2)
  The ghost of Innyits the Eclecticist, an adept DjAE of Makhleb (Vaults:4)
  3 liches
  7 tentacled monstrosities
  12 Orb Guardians
  4 titans (Vaults:5)
  Mlioglotl (Shoals:1)
  A quicksilver dragon (Zot:1)
  2 deep elf master archers (Elf:3)
  4 death cobs
  A sphinx (Depths:4)
  An ancient champion (Zig:5)
  Kirke (Lair:3)
  An Executioner (D:5)
  A tengu reaver (Depths:3)
  3 draconian monks (Zot:1)
  10 storm dragons
  8 shadow dragons
  Roxanne (D:15)
  A deep elf sorcerer (Elf:3)
  3 frost giants
  7 fire giants
  5 draconian knights
  8 emperor scorpions
  An iron dragon (Vaults:5)
  16 vault wardens
  2 demonspawn warmongers (Zot:1)
  7 draconian scorchers
  3 ghost moths (Spider:4)
  2 balrugs
  4 deep elf elementalists (Elf:3)
  A draconian stormcaller (Zot:5)
  11 ironbound preservers
  A cacodemon (D:7)
  4 orc warlords
  A reaper (Zot:1)
  4 draconian shifters
  2 war gargoyles
  2 angels
  6 ironbound thunderhulks
  8 very ugly things
  2 broodmothers
  A formless jellyfish (Vaults:1)
  Nessos (Lair:4)
  A draconian annihilator (Zot:5)
  5 deep elf annihilators (Elf:3)
  9 stone giants
  4 deep elf demonologists
  12 green draconians
  10 purple draconians
  6 black draconians
  2 vampire knights
  8 white draconians
  7 dire elephants
  11 red draconians
  A minotaur (Gauntlet)
  11 yellow draconians
  2 eidola (Zig:5)
  A blizzard demon (Depths:1)
  8 ettins
  A spectral golden dragon (Zot:5)
  3 deep elf death magi
  An iron golem (Zig:3)
  3 crystal guardians
  7 fire dragons
  8 yaktaur captains
  7 merfolk impalers
  4 merfolk javelineers (Shoals:4)
  Josephine (D:15)
  7 entropy weavers
  4 deep elf high priests (Elf:3)
  3 great orbs of eyes
  A rakshasa (Depths:2)
  3 catoblepae
  9 ice dragons
  14 vault guards
  Erolcha (D:13)
  3 peacekeepers
  9 hydras
  An ogre mage (D:15)
  3 spriggan air magi
  A spriggan zombie (Depths:3)
  7 ironbound frosthearts
  15 centaur warriors
  2 jorogumos
  6 radroaches
  6 alligator snapping turtles (Shoals:4)
  4 two-headed ogres
  5 merfolk avatars
  14 boulder beetles
  4 merfolk aquamancers
  2 satyrs
  13 dancing weapons
  3 deep troll shamans
  5 hell hogs
  10 demonic crawlers
  7 orc high priests
  2 tengu warriors (Depths:2)
  3 shock serpents (Zig:8)
  4 spectral storm dragons (Zot:5)
  Urug (D:13)
  Nergalle (Orc:1)
  8 deep troll earth magi
  An occultist (Depths:1)
  13 deep elf knights
  3 soul eaters (Depths:2)
  2 shadow wraiths
  6 sun demons
  A spectral yellow draconian (Zot:5)
  A storm dragon zombie (Trove)
  An iron troll (Depths:1)
  9 skysharks
  3 cherubim (Depths:3)
  3 sixfirhies
  2 salamander mystics (Depths:4)
  9 pharaoh ants
  A death drake (Gauntlet)
  3 large abominations (Elf:1)
  6 sea snakes
  3 glowing orange brains
  A shadow demon (D:15)
  9 orb spiders
  A golden dragon zombie (Trove)
  23 deep trolls
  4 necromancers
  4 steelbarb worms
  12 deep elf archers
  17 ironbound convokers
  Pikel (D:4)
  2 phantasmal warriors (Vaults:5)
  A tengu zombie (Depths:3)
  A spectral wolf spider (Gauntlet)
  18 lindwurms
  12 orc knights
  7 arcanists
  24 harpies
  2 sphinx simulacra (Depths:3)
  18 deep elf zephyrmancers
  3 orc sorcerers (Orc:2)
  30 deep elf pyromancers
  41 ugly things
  A tengu skeleton (Vaults:1)
  20 wolf spiders
  4 cyclopes
  A human zombie (Vaults:1)
  10 manticores
  Maurice (D:7)
  18 fauns
  6 elephants (Lair:5)
  18 moths of wrath
  3 salamanders (Depths:4)
  A spectral centaur (Gauntlet)
  A stone giant skeleton (Vaults:3)
  9 merfolk sirens
  5 black mambas
  A black mamba (shapeshifter) (D:10)
  7 water nymphs
  2 gargoyles
  A storm dragon simulacrum (Zot:5)
  6 torpor snails
  15 cane toads
  16 vault sentinels
  A yaktaur zombie (Vaults:3)
  A smoke demon (Zot:2)
  A hellion (Depths:2)
  Maggie (D:7)
  4 unseen horrors
  5 kobold demonologists
  Jeremiah (D:7)
  5 rime drakes
  2 ice devils
  A kobold blastminer (Orc:2)
  7 komodo dragons
  18 yaktaurs
  2 tengu conjurers
  A freezing wraith (D:15)
  An efreet (D:15)
  A ghost moth simulacrum (Zot:5)
  2 hellwings (Zot:2)
  8 meliai
  26 tarantellas
  37 merfolk
  6 trolls
  10 wind drakes
  A queen bee (D:13)
  6 polar bears
  3 raiju (Zig:8)
  A wolf spider simulacrum (D:15)
  5 hornets (Lair:5)
  27 blink frogs
  A tengu simulacrum (Depths:3)
  A human simulacrum (Vaults:1)
  4 dream sheep
  2 draconian simulacra (Zot:5)
  A fire dragon skeleton (Trove)
  10 snapping turtles
  A centaur simulacrum (D:14)
  10 wraiths
  10 spriggans (Lair:5)
  27 culicivoras
  26 jumping spiders
  4 shadows
  4 air elementals
  39 slime creatures
  6 vampires
  A ynoxinul (Depths:1)
  49 yaks
  15 wyverns
  12 water elementals
  10 basilisks
  4 hogs (Lair:3)
  16 humans
  A wyvern (shapeshifter) (Vaults:5)
  A fire elemental (Elf:1)
  19 vampire mosquitoes
  A golden eye (shapeshifter) (D:13)
  A steam dragon (Lair:1)
  64 redbacks
  A black draconian simulacrum (Zot:5)
  2 neqoxecs
  6 wargs
  A chaos spawn (Zot:3)
  14 two-headed ogre zombies (Orc:1)
  A hell hound (Lair:4)
  9 water moccasins
  A glowing shapeshifter skeleton (Vaults:1)
  2 moth of wrath simulacra (Zot:5)
  9 black bears
  A sky beast (D:6)
  35 orc warriors
  A black bear (shapeshifter) (D:15)
  10 ogres
  9 boggarts
  26 wolves
  6 centaurs
  6 kobold brigands
  5 elf zombies (Elf:1)
  9 bullfrogs
  A bullfrog (shapeshifter) (Elf:3)
  A gnoll sergeant (D:8)
  5 scorpions
  An earth elemental (Elf:3)
  6 wights
  30 killer bees
  2 howler monkeys
  2 electric eels
  6 hounds
  2 gnoll boudas
  26 orc priests
  3 sleepcaps (D:5)
  Ijyb (D:3)
  12 hell rats
  3 iguanas (D:5)
  Natasha (thrice) (D:3)
  21 orc wizards
  An ogre zombie (Orc:1)
  12 gnolls
  8 adders
  A shadow imp (Depths:2)
  2 white imps (D:6)
  2 ufetubi (D:7)
  2 dart slugs
  97 orcs
  9 endoplasms
  3 giant cockroaches (D:1)
  4 goblins
  8 hobgoblins
  5 quokkas
  2 training dummies (D:5)
  4 ball pythons
  4 bats
  A frilled lizard (D:1)
  21 kobolds
  3 rats
1946 creatures vanquished.

Vanquished Creatures (collateral kills)
  2 ancient liches (Zot:5)
  2 dread liches
  An orb of fire (Zot:5)
  A Killer Klown (Zot:5)
  Bai Suzhen (Spider:4)
  A golden dragon (Vaults:5)
  A hellephant (Zig:7)
  9 Orb Guardians (Zot:5)
  3 titans (Vaults:5)
  A deep elf blademaster (Elf:3)
  A quicksilver dragon (Zot:5)
  A shadow dragon (Vaults:5)
  2 death cobs (Zot:5)
  Aizul (Shoals:3)
  A draconian monk (Zot:5)
  3 vault wardens
  A draconian scorcher (Zot:5)
  A draconian shifter (Zot:5)
  An orc warlord (Vaults:2)
  A ghost moth (Zot:5)
  2 ironbound preservers (Vaults:5)
  3 stone giants
  A very ugly thing (Vaults:5)
  2 war gargoyles
  2 green draconians
  3 purple draconians
  A yellow draconian (Zot:5)
  An iron golem (Zig:3)
  2 merfolk javelineers
  A deep elf high priest (Elf:3)
  A sphinx zombie (Vaults:3)
  An entropy weaver (Spider:4)
  2 yaktaur captains (Vaults:5)
  A rakshasa (Depths:2)
  3 centaur warriors (Vaults:3)
  A peacekeeper (Vaults:2)
  3 vault guards (Vaults:5)
  An ogre mage (Vaults:5)
  A merfolk aquamancer (Shoals:1)
  An ironbound frostheart (Vaults:2)
  A catoblepas (Zig:7)
  A satyr (Shoals:2)
  A deep troll earth mage (Depths:1)
  A sea snake (Shoals:1)
  2 ironbound convokers
  2 phantasmal warriors (Vaults:5)
  2 steelbarb worms (Spider:4)
  A deep elf pyromancer (Elf:3)
  A harpy (Shoals:4)
  A deep elf zephyrmancer (Elf:3)
  3 orc knights
  A moth of wrath (Zot:5)
  A cyclops (Zig:4)
  2 vault sentinels (Vaults:5)
  A tormentor (Depths:2)
  A yaktaur (Vaults:5)
  2 merfolk
  A blink frog (Zig:7)
  A snapping turtle (Shoals:1)
  A tarantella (Spider:3)
  A slime creature (Vaults:3)
  3 redbacks
  2 redbacks (shapeshifter) (Vaults:5)
  An electric eel (Spider:3)
  An orc (D:4)
103 creatures vanquished.

Vanquished Creatures (others)
  2 ancient liches (Zot:5)
  An orb of fire (Zot:5)
  Saint Roka (Vaults:5)
  2 Killer Klowns (Zot:5)
  3 tentacled monstrosities (Vaults:5)
  6 Orb Guardians (Zot:5)
  2 titans (Vaults:5)
  A deep elf master archer (Elf:3)
  A death cob (Zot:5)
  A draconian monk (Zot:5)
  A draconian knight (Zot:5)
  5 deep elf sorcerers (Elf:3)
  A fire giant (Vaults:5)
  A vault warden (Vaults:5)
  A ghost moth (Zot:4)
  2 draconian shifters (Zot:5)
  A deep elf elementalist (Elf:3)
  2 ironbound preservers
  2 stone giants (Vaults:5)
  4 deep elf demonologists (Elf:3)
  A black draconian (Zot:5)
  A white draconian (Zot:5)
  3 deep elf annihilators (Elf:3)
  4 deep elf death magi
  3 ettins (Vaults:5)
  18 vault guards (Vaults:5)
  2 deep elf knights (Elf:3)
  A sea snake (Shoals:1)
  2 deep elf archers (Elf:3)
  4 deep elf pyromancers (Elf:3)
  3 deep elf zephyrmancers (Elf:3)
  A salamander (Depths:4)
  A moth of wrath (Zot:5)
  3 vault sentinels (Vaults:5)
  A water nymph (Zig:6)
  A yaktaur (Vaults:5)
  A spectral moth of wrath (Zot:5)
  A meliai (Spider:4)
  An air elemental (Elf:3)
  2 water elementals (Elf:1)
  A redback (Spider:3)
  A warg (Vaults:5)
  An orc warrior (Vaults:5)
  3 orc priests (Vaults:5)
  An orc wizard (Orc:2)
  4 orcs (Vaults:5)
  7 spectral weapons
  2 starspawn tentacles (Shoals:1)
  4 tentacles (Shoals:4)
118 creatures vanquished.

Grand Total: 2167 creatures vanquished

Notes
Turn   | Place    | Note
-------+----------+-------------------------------------------
     0 | D:1      | DevouringOne the Demonspawn Reaver began the quest for the
                  | Orb.
     0 | D:1      | Reached XP level 1. HP: 16/16 MP: 3/3
   240 | D:1      | Gained mutation: You regenerate a little health from kills.
                  | [demonic ancestry]
   240 | D:1      | Reached XP level 2. HP: 21/22 MP: 5/5
   895 | D:2      | Found a hide-covered altar of Uskayaw.
  1108 | D:2      | Reached XP level 3. HP: 28/28 MP: 6/6
  1742 | D:3      | Gained mutation: You are partially covered in large bone
                  | plates. (SH +4) [demonic ancestry]
  1742 | D:3      | Reached XP level 4. HP: 12/24 MP: 2/7
  1864 | D:3      | Noticed Ijyb
  2013 | D:3      | Found a radiant altar of Vehumet.
  2022 | D:3      | Killed Ijyb
  2049 | D:3      | Noticed Natasha
  2254 | D:3      | Killed Natasha
  2255 | D:3      | Reached XP level 5. HP: 12/29 MP: 6/8
  2612 | D:4      | Reached skill level 5 in Polearms
  2616 | D:4      | Reached XP level 6. HP: 44/44 MP: 9/9
  3169 | D:4      | Noticed Pikel
  3313 | D:3      | Noticed Natasha
  3321 | D:3      | Killed Natasha
  3359 | D:3      | Noticed Natasha
  3367 | D:3      | Killed Natasha
  3451 | D:5      | Entered Level 5 of the Dungeon
  3469 | D:5      | Identified a scroll of acquirement
  3469 | D:5      | Acquired the ring of Zuh Gylo {Fly rN+ Str+6}
  3496 | D:5      | Found an ancient bone altar of Kikubaaqudgha.
  3612 | D:5      | Gained mutation: You have a small tail. [demonic ancestry]
  3612 | D:5      | Reached XP level 7. HP: 55/55 MP: 10/10
  3655 | D:5      | Found a runed translucent gate.
  3655 | D:5      | Found a runed translucent gate.
  3655 | D:5      | Found a runed translucent gate.
  3657 | D:5      | Noticed a hornet
  3659 | D:5      | Noticed SuckSex's ghost (amateur OpSh)
  3676 | D:5      | You are sucked into a shaft and drop 2 floors!
  3801 | D:7      | Found a flagged portal.
  3905 | D:7      | Reached skill level 5 in Fighting
  3942 | Bailey   | Entered a bailey
  4372 | Bailey   | Gained mutation: You are mostly covered in large bone
                  | plates. (SH +6) [demonic ancestry]
  4372 | Bailey   | Reached XP level 8. HP: 27/64 MP: 11/11
  4960 | Bailey   | Found a large runed translucent door.
  4960 | Bailey   | Found a large runed translucent door.
  4961 | Bailey   | Noticed an orc knight
  4961 | Bailey   | Noticed a deep elf pyromancer
  6396 | Bailey   | Killed a deep elf pyromancer
  6802 | D:6      | Noticed a troll
  6930 | D:6      | Found Xuasoem's Book Emporium.
  6983 | D:6      | Gained mutation: You have a tail ending in a sharp stinger.
                  | [demonic ancestry]
  6983 | D:6      | Reached XP level 9. HP: 71/72 MP: 12/12
  6992 | D:6      | Found a sparkling altar of Nemelex Xobeh.
  7194 | D:5      | Found a staircase to the Ecumenical Temple.
  7206 | Temple   | Entered the Ecumenical Temple
  7215 | Temple   | Became a worshipper of Gozag Ym Sagoz the Greedy
  7786 | D:5      | Found a bloodstained altar of Trog.
  7862 | D:6      | Reached skill level 10 in Polearms
  8122 | D:6      | Killed a troll
  8477 | D:7      | Noticed Maggie
  8501 | D:7      | Killed Maggie
  8559 | D:7      | Noticed Maurice
  8565 | D:7      | Killed Maurice
  8732 | D:7      | Noticed Jeremiah
  8737 | D:7      | Gained mutation: You are completely covered in large bone
                  | plates. (SH +8) [demonic ancestry]
  8737 | D:7      | Reached XP level 10. HP: 82/82 MP: 13/13
  8747 | D:7      | Killed Jeremiah
  8773 | D:7      | Found a burning altar of Makhleb.
  8911 | D:7      | Found a runed translucent door.
  8912 | D:7      | Noticed Crazy Yiuf
  9212 | D:8      | Found a basalt altar of Yredelemnul.
  9755 | D:8      | Found a sacrificial altar of Ru.
 10388 | D:8      | Noticed a deep elf pyromancer
 10392 | D:8      | Killed a deep elf pyromancer
 10805 | D:9      | Reached skill level 10 in Fighting
 10908 | D:9      | Noticed a two-headed ogre
 10916 | D:9      | Killed a two-headed ogre
 10917 | D:9      | Gained mutation: A weak demonic guardian rushes to your
                  | aid. [demonic ancestry]
 10917 | D:9      | Reached XP level 11. HP: 68/91 MP: 14/14
 11147 | D:9      | Found a shadowy altar of Dithmenos.
 11292 | D:9      | Found a transporter.
 11292 | D:9      | Identified the +5 great mace "Oparumue" {freeze, Dex+5}
 11292 | D:9      | Noticed a two-headed ogre
 11293 | D:9      | Noticed arghonaut's ghost (novice DjFE)
 11293 | D:9      | Noticed a two-headed ogre
 11293 | D:9      | Noticed a two-headed ogre
 11299 | D:9      | Found a transporter.
 11509 | D:10     | Entered Level 10 of the Dungeon
 11828 | D:10     | Found a shimmering blue altar of Sif Muna.
 12481 | D:10     | Noticed an angel
 12989 | D:11     | Found a staircase to the Lair.
 13566 | D:12     | Found a staircase to the Orcish Mines.
 13566 | D:12     | Found a portal to a secret trove of treasure.
 13784 | D:12     | Gained mutation: You have a sharp stinger which inflicts
                  | weakening toxins. [demonic ancestry]
 13784 | D:12     | Reached XP level 12. HP: 61/101 MP: 15/15
 14123 | D:12     | Reached skill level 15 in Polearms
 14758 | Orc:1    | Entered Level 1 of the Orcish Mines
 14765 | Orc:1    | Bought a +0 pair of gloves of strength for 184 gold pieces
 14814 | Orc:2    | Entered Level 2 of the Orcish Mines
 14862 | Orc:2    | Noticed an orc warlord
 14885 | Orc:2    | Killed an orc warlord
 14922 | Orc:2    | Found a gate leading to a gauntlet.
 14931 | Gauntlet | Entered a Gauntlet
 14931 | Gauntlet | Found a transporter.
 14931 | Gauntlet | Found a transporter.
 14941 | Gauntlet | Found a transporter.
 14956 | Gauntlet | Found a transporter.
 14967 | Gauntlet | Found a transporter.
 14968 | Gauntlet | Found a transporter.
 14978 | Gauntlet | Found a transporter.
 14980 | Gauntlet | Noticed a catoblepas
 14996 | Gauntlet | Found a runed translucent door.
 14999 | Gauntlet | Found a transporter.
 15003 | Gauntlet | Found a runed translucent door.
 15015 | Gauntlet | Found a transporter.
 15019 | Gauntlet | Found a transporter.
 15027 | Gauntlet | Found a transporter.
 15031 | Gauntlet | Found a transporter.
 15323 | Gauntlet | Identified the +1 broad axe of the Apocalypse {antimagic,
                  | Drain rElec Dex+7 SInv}
 15327 | Gauntlet | Identified the +0 helmet of Wariness {Harm Str+3}
 15446 | Gauntlet | Noticed a minotaur
 15454 | Gauntlet | Killed a minotaur
 15902 | Orc:2    | Noticed an orc high priest
 15903 | Orc:2    | Noticed an orc high priest
 15910 | Orc:2    | Killed an orc high priest
 15912 | Orc:2    | Killed an orc high priest
 15979 | Orc:1    | Noticed Nergalle
 15992 | Orc:1    | Killed Nergalle
 16321 | Orc:2    | Found a staircase to the Elven Halls.
 16680 | Orc:1    | Gained mutation: You regenerate health from kills. [demonic
                  | ancestry]
 16680 | Orc:1    | Reached XP level 13. HP: 106/111 MP: 16/16
 17318 | Orc:2    | Gained mutation: You occasionally lose the ability to drink
                  | potions when taking damage. [a neqoxec]
 17320 | Orc:2    | Gained mutation: Your spells are a little easier to cast,
                  | but a little less powerful. [a neqoxec]
 17526 | Orc:2    | Lost mutation: Your spells are a little easier to cast, but
                  | a little less powerful. [potion of mutation]
 17526 | Orc:2    | Lost mutation: You occasionally lose the ability to drink
                  | potions when taking damage. [potion of mutation]
 17526 | Orc:2    | Gained mutation: You do not regenerate when monsters are
                  | visible. [potion of mutation]
 17526 | Orc:2    | Gained mutation: You are agile. (Dex +4, Str/Int -1)
                  | [potion of mutation]
 17627 | Orc:2    | Found Olaver's Jewellery Emporium.
 17627 | Orc:2    | Found Miutooqi's Antique Armour Shop.
 17629 | Orc:2    | Found Ceuskul's Book Emporium.
 17629 | Orc:2    | Found Dakkoiho's Magic Scroll Shop.
 17641 | Orc:2    | Bought a dazzling helmet for 237 gold pieces
 17641 | Orc:2    | Identified the +2 helmet of Baol Toelae {rN+ Str+4 Dex+4}
                  | (You bought it in a shop on level 2 of the Orcish Mines)
 17652 | Orc:2    | Bought a faintly glowing leather armour for 175 gold pieces
 17652 | Orc:2    | Identified the +1 leather armour of Fashionability {-Tele
                  | rN+ Will+} (You bought it in a shop on level 2 of the
                  | Orcish Mines)
 17655 | Orc:2    | Bought a scroll of teleportation for 42 gold pieces
 17655 | Orc:2    | Bought a scroll of fear for 56 gold pieces
 17733 | Lair:1   | Entered Level 1 of the Lair of Beasts
 17769 | Lair:1   | Bought the +0 kite shield of Wariness {Regen+ Str+3} for
                  | 249 gold pieces
 17769 | Lair:1   | Bought a +2 pair of boots of rampaging for 301 gold pieces
 17875 | Lair:1   | Reached skill level 1 in Armour
 17887 | Lair:1   | Reached skill level 1 in Shields
 18288 | Lair:1   | Identified the +1 leather armour of the Lily {rElec Int+2}
 18316 | Lair:1   | Identified the +1 pair of boots "Begh" {Harm rC+ Int+2}
 18893 | Lair:2   | Reached skill level 5 in Armour
 19145 | Lair:2   | Identified the +2 leather armour of Purpose {Int+3}
 19448 | Lair:3   | Found a hole to the Spider Nest.
 19515 | Lair:3   | Reached skill level 5 in Shields
 19613 | Lair:3   | Reached XP level 14. HP: 117/119 MP: 17/17
 19837 | Lair:3   | Noticed Kirke
 19867 | Lair:3   | Killed Kirke
 20018 | Lair:3   | Found a staircase to the Shoals.
 20215 | Lair:4   | Found a staircase to the Slime Pits.
 20372 | Lair:4   | Noticed Nessos
 20399 | Lair:4   | Killed Nessos
 20958 | Lair:5   | Entered Level 5 of the Lair of Beasts
 21077 | Lair:5   | Reached skill level 10 in Shields
 21080 | Lair:5   | Bought a faintly glowing chain mail for 304 gold pieces
 21080 | Lair:5   | Identified the +4 chain mail of Dawn {*Corrode rN+ Str-5
                  | Slay+4} (You bought it in a shop on level 5 of the Lair of
                  | Beasts)
 21080 | Lair:5   | Bought a steaming plate armour for 896 gold pieces
 21080 | Lair:5   | Identified the +1 plate armour "Fautiume" {rPois rF+ rC-}
                  | (You bought it in a shop on level 5 of the Lair of Beasts)
 22161 | D:13     | Noticed Urug
 22161 | D:13     | Noticed Erolcha
 22161 | D:13     | Found a gate to the Vaults.
 22182 | D:12     | Gained mutation: Your hexes are more powerful. [demonic
                  | ancestry]
 22182 | D:12     | Reached XP level 15. HP: 125/125 MP: 18/18
 22541 | D:13     | Lost mutation: You do not regenerate when monsters are
                  | visible. [potion of mutation]
 22541 | D:13     | Lost mutation: You are agile. (Dex +4, Str/Int -1) [potion
                  | of mutation]
 22541 | D:13     | Gained mutation: You are frail. (-10% HP) [potion of
                  | mutation]
 22541 | D:13     | Gained mutation: Your body sometimes deteriorates upon
                  | taking damage. [potion of mutation]
 22541 | D:13     | Gained mutation: Your spells are a little harder to cast,
                  | but a little more powerful. [potion of mutation]
 22557 | D:13     | Killed Erolcha
 22853 | D:13     | Killed Urug
 23350 | D:14     | Found a snail-covered altar of Cheibriados.
 23939 | D:15     | Entered Level 15 of the Dungeon
 23969 | D:15     | Noticed Josephine
 23993 | D:15     | Killed Josephine
 24112 | D:15     | Noticed Roxanne
 24192 | D:15     | Found a staircase to the Depths.
 24510 | D:15     | Found a bloodstained altar of Trog.
 24762 | D:15     | Killed Roxanne
 24763 | D:15     | Reached skill level 15 in Shields
 24910 | Orc:2    | Bought the amulet of the Air {Inacc Air Fly rElec RMsl} for
                  | 488 gold pieces
 24910 | Orc:2    | Found the amulet of the Air {Inacc Air Fly rElec RMsl}
 25077 | Shoals:1 | Entered Level 1 of the Shoals
 25150 | Shoals:1 | Noticed Nikola
 25191 | Shoals:1 | Killed Nikola
 25244 | Shoals:1 | Noticed Mlioglotl
 25258 | Shoals:1 | Noticed a tentacled starspawn
 25261 | Shoals:1 | Killed Mlioglotl
 25399 | Shoals:1 | Identified the +4 mace of Erioc {pain, rPois Str+3 Dex-3
                  | Stlth+}
 25430 | Shoals:1 | Reached XP level 16. HP: 104/119 MP: 19/19
 26305 | Shoals:3 | Reached skill level 15 in Fighting
 27331 | Shoals:4 | Entered Level 4 of the Shoals
 27345 | Shoals:4 | Identified the serpent talisman "Winirept" {Will++}
 27345 | Shoals:4 | Noticed Aizul
 27370 | Shoals:3 | Killed Aizul
 28000 | Shoals:4 | Gained mutation: Your melee attacks may debilitate your
                  | foes. [demonic ancestry]
 28000 | Shoals:4 | Reached XP level 17. HP: 124/130 MP: 20/20
 28442 | Shoals:4 | Identified the staff of Wisep {rPois rC+ Int-2 Hexes Ice}
 28486 | Shoals:4 | Got a barnacled rune of Zot
 28579 | Shoals:4 | Noticed a kraken
 28874 | Elf:1    | Entered Level 1 of the Elven Halls
 29138 | Elf:1    | Found Maest's Assorted Antiques.
 29182 | Elf:1    | Bought a scroll of summoning for 256 gold pieces
 29392 | Elf:1    | Got Zonguldrok's Information on Rot
 29570 | Elf:1    | Found Axeocouxzu's Jewellery Shop.
 29598 | Elf:1    | Paralysed by an air elemental for 1 turns
 29913 | Elf:1    | Paralysed by an air elemental for 1 turns
 29935 | Elf:1    | Found Tojituil's Distillery.
 29938 | Elf:1    | Got the Treatise on Battle Magic
 29944 | Elf:1    | Bought a potion of mutation for 144 gold pieces
 29944 | Elf:1    | Bought a potion of heal wounds for 90 gold pieces
 29944 | Elf:1    | Bought a potion of cancellation for 144 gold pieces
 29944 | Elf:1    | Lost mutation: You are frail. (-10% HP) [potion of
                  | mutation]
 29944 | Elf:1    | Lost mutation: Your body sometimes deteriorates upon taking
                  | damage. [potion of mutation]
 29944 | Elf:1    | Lost mutation: Your spells are a little harder to cast, but
                  | a little more powerful. [potion of mutation]
 29944 | Elf:1    | Gained mutation: You have large cloven feet. [potion of
                  | mutation]
 29944 | Elf:1    | Gained mutation: You have hoof-like feet. [potion of
                  | mutation]
 29960 | Elf:1    | Found Ihon Pip's Distillery.
 29965 | Elf:1    | Bought a potion of haste for 140 gold pieces
 29965 | Elf:1    | Bought a potion of resistance for 140 gold pieces
 29965 | Elf:1    | Bought a potion of heal wounds for 70 gold pieces
 29965 | Elf:1    | Bought a potion of heal wounds for 70 gold pieces
 29965 | Elf:1    | Bought a potion of attraction for 42 gold pieces
 30078 | Elf:2    | Noticed an Ice Fiend
 30171 | Elf:3    | Entered Level 3 of the Elven Halls
 30174 | Elf:3    | Noticed Norris
 30201 | Elf:3    | Killed Norris
 30202 | Elf:3    | Reached XP level 18. HP: 158/158 MP: 21/21
 30390 | Elf:3    | Found Rufici's Assorted Antiques.
 30681 | Elf:3    | Identified the amulet "Gilyebb" {Reflect rElec Int-2 Slay+2
                  | SH+5 SInv}
 30739 | Elf:3    | Noticed a Brimstone Fiend
 31017 | Elf:3    | Identified the ring "Zamageuh" {rPois EV+5}
 31019 | Elf:3    | Identified the ring "Pakkeink" {rF+ Int+3}
 31101 | Elf:3    | Identified the +0 cloak of Sophism {Rampage Str+3}
 31125 | Elf:3    | Identified the staff "Ynof" {rPois rN+ Str+3 Int+3 Necro}
 31158 | Elf:3    | Identified the +1 storm dragon scales of Nomp {Rampage
                  | rElec Slay+2}
 31172 | Elf:3    | Identified the maw talisman "Tarusche" {rF++ Dex-2 Slay+4}
 31222 | Elf:3    | Acquired 479 gold pieces
 31376 | Elf:3    | Bought a potion of mutation for 264 gold pieces
 31589 | Spider:1 | Entered Level 1 of the Spider Nest
 32579 | Spider:2 | Noticed Arachne
 32657 | Spider:2 | Killed Arachne
 32946 | Spider:2 | You are sucked into a shaft and drop 1 floor!
 33353 | Spider:3 | Gained mutation: A demonic guardian rushes to your aid.
                  | [demonic ancestry]
 33353 | Spider:3 | Reached XP level 19. HP: 169/169 MP: 22/22
 33619 | Spider:3 | Noticed Jorgrun
 33670 | Spider:3 | Killed Jorgrun
 33973 | Spider:3 | Gained mutation: You are clumsy. (Dex -2) [mutagenic glow]
 34291 | Spider:4 | Entered Level 4 of the Spider Nest
 34370 | Spider:4 | Noticed Bai Suzhen
 34983 | Spider:4 | Killed Bai Suzhen
 35580 | Spider:4 | Got a gossamer rune of Zot
 35765 | Vaults:1 | Entered Level 1 of the Vaults
 35802 | Vaults:1 | Identified the amulet "Inud Soxirch" {Acrobat Drain MP+9
                  | Slay+2}
 36160 | Vaults:1 | Found Vobbiw's Weapon Shoppe.
 36192 | Vaults:1 | You are sucked into a shaft and drop 1 floor!
 36294 | Vaults:2 | Gained mutation: A powerful demonic guardian rushes to your
                  | aid. [demonic ancestry]
 36294 | Vaults:2 | Reached XP level 20. HP: 75/180 MP: 23/23
 37287 | Vaults:2 | Found a staircase to the Crypt.
 37672 | Vaults:2 | Found a huge runed gate.
 37672 | Vaults:2 | Found a huge runed gate.
 37672 | Vaults:2 | Found a huge runed gate.
 37672 | Vaults:2 | Found a huge runed gate.
 37673 | Vaults:2 | Found a huge runed gate.
 37673 | Vaults:2 | Found a huge runed gate.
 37673 | Vaults:2 | Found a huge runed gate.
 37674 | Vaults:2 | Found a huge runed gate.
 37674 | Vaults:2 | Found a huge runed gate.
 37674 | Vaults:2 | Found a huge runed gate.
 37678 | Vaults:2 | Found a huge runed gate.
 37678 | Vaults:2 | Found a huge runed gate.
 37678 | Vaults:2 | Found a huge runed gate.
 37678 | Vaults:2 | Found a huge runed gate.
 37678 | Vaults:2 | Found a huge runed gate.
 37678 | Vaults:2 | Found a huge runed gate.
 37679 | Vaults:2 | Found a huge runed gate.
 37680 | Vaults:2 | Found a huge runed gate.
 37681 | Vaults:2 | Found a huge runed gate.
 37689 | Vaults:2 | Found a huge runed gate.
 37689 | Vaults:2 | Found a huge runed gate.
 37689 | Vaults:2 | Found a huge runed gate.
 37689 | Vaults:2 | Found a huge runed gate.
 37689 | Vaults:2 | Found a huge runed gate.
 37689 | Vaults:2 | Found a huge runed gate.
 37690 | Vaults:2 | Found a huge runed gate.
 37691 | Vaults:2 | Found a huge runed gate.
 37692 | Vaults:2 | Found a huge runed gate.
 37698 | Vaults:2 | Found a huge runed gate.
 37698 | Vaults:2 | Found a huge runed gate.
 37698 | Vaults:2 | Found a huge runed gate.
 37698 | Vaults:2 | Found a huge runed gate.
 37698 | Vaults:2 | Found a huge runed gate.
 37698 | Vaults:2 | Found a huge runed gate.
 37701 | Vaults:2 | Found a huge runed gate.
 37702 | Vaults:2 | Found a huge runed gate.
 40227 | Vaults:4 | Reached XP level 21. HP: 192/192 MP: 24/24
 40519 | Vaults:4 | Found Parph's General Store.
 40547 | Vaults:4 | Bought a potion of might for 60 gold pieces
 40547 | Vaults:4 | Bought a potion of might for 60 gold pieces
 40732 | Vaults:4 | Identified the +1 ring mail of the Thistle {-Tele Harm
                  | rPois}
 40850 | Vaults:4 | Found a large runed translucent door.
 40850 | Vaults:4 | Found a large runed translucent door.
 40850 | Vaults:4 | Noticed Innyits's ghost (adept DjAE)
 40850 | Vaults:4 | Noticed Kauz's ghost (adept HOBr)
 40924 | Vaults:4 | Killed Innyits's ghost
 40942 | Vaults:4 | Killed Kauz's ghost
 40947 | Vaults:4 | Reached XP level 22. HP: 202/202 MP: 25/25
 41269 | Vaults:5 | Entered Level 5 of the Vaults
 41311 | Vaults:5 | Got a silver rune of Zot
 41356 | Vaults:5 | Killed a dread lich
 41395 | Vaults:5 | Killed Saint Roka
 41509 | Vaults:5 | Identified the +0 helmet "Atsyfroti" {Str+3 Int+5}
 41622 | Vaults:5 | Noticed a golden dragon
 41638 | Vaults:5 | Killed a golden dragon
 41663 | Vaults:5 | Identified the +2 pair of gloves "Vott" {rCorr}
 41788 | Vaults:5 | Got the Atlas of Arcane Weapons
 42075 | Vaults:5 | Identified the +2 ring mail of Yxzorghou {Rampage Will+
                  | Str+3 Slay+2}
 42101 | Vaults:5 | Got Piur's Precepts of Hyperthermia
 42288 | Vaults:5 | Noticed an ancient lich
 42302 | Vaults:5 | Killed an ancient lich
 42762 | Depths:1 | Entered Level 1 of the Depths
 42879 | Depths:1 | Found a shimmering altar of Xom.
 42880 | Depths:1 | Found a shimmering altar of Xom.
 42880 | Depths:1 | Found a shimmering altar of Xom.
 42881 | Depths:1 | Found a shimmering altar of Xom.
 42881 | Depths:1 | Found a shimmering altar of Xom.
 42881 | Depths:1 | Found a shimmering altar of Xom.
 43203 | Depths:1 | Found a one-way gate to the infinite horrors of the Abyss.
 43296 | Depths:1 | Reached XP level 23. HP: 211/211 MP: 26/26
 43362 | Depths:1 | Found a gateway to Hell.
 43647 | Depths:1 | Found a hide-covered altar of Uskayaw.
 44017 | Depths:2 | Found Weno's Jewellery Boutique.
 44018 | Depths:2 | Found Meimaf's Book Shoppe.
 44018 | Depths:2 | Found Iskag Asch's Book Shoppe.
 44124 | Depths:2 | Found an ancient bone altar of Kikubaaqudgha.
 44213 | Depths:2 | Found a one-way gate leading to the halls of Pandemonium.
 44531 | Depths:2 | Identified the +7 quarterstaff "Hienoepu" {venom, rCorr
                  | Str-5 Dex+6}
 44862 | Depths:3 | Identified the +7 dire flail of Revolt {antimagic, Drain
                  | rCorr Stlth+}
 44939 | Depths:3 | Found an iron altar of Okawaru.
 45148 | Depths:3 | Found Muych's Weapon Shop.
 45152 | Depths:3 | Found Nuopiaf's Antique Weapon Boutique.
 45716 | Depths:4 | Entered Level 4 of the Depths
 45985 | Depths:4 | Noticed a dread lich
 45986 | Depths:4 | Found a one-way gateway to a ziggurat.
 45986 | Depths:4 | Noticed a dread lich
 46135 | Depths:4 | Killed a dread lich
 46144 | Depths:4 | Killed a dread lich
 46154 | Zig:1    | Entered Level 1 of a ziggurat
 46175 | Zig:2    | Entered Level 2 of a ziggurat
 46178 | Zig:2    | Noticed a curse toe
 46200 | Zig:2    | Killed a curse toe
 46203 | Zig:2    | Identified the +0 robe "Itomi" {rPois rC+ Str-5}
 46315 | Zig:2    | Identified the +2 scale mail "Loticlaca" {Str+5}
 46321 | Zig:3    | Entered Level 3 of a ziggurat
 46382 | Zig:3    | Identified the ring "Xaexkoam" {Wiz Int+3}
 46477 | Zig:4    | Entered Level 4 of a ziggurat
 46588 | Zig:5    | Entered Level 5 of a ziggurat
 46591 | Zig:5    | Noticed an ancient lich
 46618 | Zig:5    | Killed an ancient lich
 46636 | Zig:5    | Identified the +1 long sword "Teruva" {antimagic, rC+ Will-
                  | Dex+4}
 46641 | Zig:5    | Identified the +2 quarterstaff of Ycerug {drain, rN+ rCorr
                  | Str+3}
 46653 | Zig:6    | Entered Level 6 of a ziggurat
 46787 | Zig:6    | Found the +8 mithril axe "Arga" {speed, Will+}
 46832 | Zig:7    | Entered Level 7 of a ziggurat
 46935 | Zig:8    | Entered Level 8 of a ziggurat
 47048 | Zig:8    | Identified the +5 ring mail "Erhabara" {rPois Int+3}
 47049 | Zig:8    | Identified the +3 leather armour of Death's Door {Will++
                  | Int+5 Dex-2}
 47062 | Zig:8    | Identified the +9 plate armour of the Kodama {Dex+3}
 47063 | Zig:8    | Identified the +7 lajatang "Atrics" {freeze, Str+5 Stlth+}
 47276 | D:12     | You paid a toll of 18 scrolls of teleportation to enter a
                  | treasure trove
 47277 | Trove    | Entered a treasure trove
 47296 | Trove    | Identified the +6 longbow "Oprele" {drain, rPois Will+}
 47725 | Depths:4 | Found a gate to the Realm of Zot.
 47771 | Zot:1    | Entered Level 1 of the Realm of Zot
 47787 | Zot:1    | Gained mutation: You regenerate a lot of health from kills.
                  | [demonic ancestry]
 47787 | Zot:1    | Reached XP level 24. HP: 222/223 MP: 26/26
 48324 | Zot:2    | Reached skill level 27 in Polearms
 48473 | Zot:3    | Reached skill level 27 in Fighting
 48894 | Zot:5    | Entered Level 5 of the Realm of Zot
 48895 | Zot:5    | Noticed Nacytt's ghost (legendary MiFi)
 48895 | Zot:5    | Found a runed translucent gate.
 48895 | Zot:5    | Found a runed translucent gate.
 48899 | Zot:5    | Found a runed translucent gate.
 49126 | Zot:5    | Killed Nacytt's ghost
 49128 | Zot:5    | Identified the ring of Eternal Harmony {Ice Str+3 Dex+3
                  | Stlth+}
 49141 | Zot:5    | Identified the +4 glaive "Yrocag" {venom, Fragile Str+3
                  | Int+3}
 49165 | Zot:5    | Identified the staff of Tiadgh {rN+ Str+2 Necro}
 49278 | Zot:5    | Noticed an orb of fire
 49280 | Zot:5    | Noticed a Killer Klown
 49280 | Zot:5    | Noticed an ancient lich
 49281 | Zot:5    | Noticed an orb of fire
 49282 | Zot:5    | Noticed an ancient lich
 49282 | Zot:5    | Noticed an orb of fire
 49283 | Zot:5    | Noticed an ancient lich
 49286 | Zot:5    | Noticed an orb of fire
 49291 | Zot:5    | Killed an orb of fire
 49294 | Zot:5    | Killed an ancient lich
 49303 | Zot:5    | Noticed an ancient lich
 49305 | Zot:5    | Killed an ancient lich
 49305 | Zot:5    | Killed a Killer Klown
 49306 | Zot:5    | Reached skill level 10 in Armour
 49324 | Zot:5    | Killed an ancient lich
 49324 | Zot:5    | Killed a Killer Klown
 49337 | Zot:5    | Noticed a Killer Klown
 49337 | Zot:5    | Killed a Killer Klown
 49340 | Zot:5    | Noticed an orb of fire
 49351 | Zot:5    | Noticed a dread lich
 49353 | Zot:5    | Gained mutation: Armour fits poorly on your strangely
                  | shaped body. [an orb of fire]
 49354 | Zot:5    | Killed an orb of fire
 49362 | Zot:5    | Killed an orb of fire
 49372 | Zot:5    | Gained mutation: You have hooves in place of feet. [an orb
                  | of fire]
 49376 | Zot:5    | Killed an orb of fire
 49377 | Zot:5    | Killed a dread lich
 49378 | Zot:5    | Gained mutation: You are surrounded by an aura of silence.
                  | [demonic ancestry]
 49378 | Zot:5    | Reached XP level 25. HP: 234/234 MP: 26/26
 49620 | Zot:5    | Got the Orb of Zot
 49706 | Zot:3    | Noticed Voucsiky the pandemonium lord
 49719 | Zot:3    | Killed Voucsiky the pandemonium lord
 50019 | Depths:2 | Noticed Gibuafij the pandemonium lord
 50032 | Depths:2 | Killed Gibuafij the pandemonium lord
 50382 | D:4      | Killed Pikel
 50439 | D:$      | Escaped with the Orb!

Illustrated notes

Levels and vault maps discovered:
D:1:      eino_arrival_water_star, layout_basic
D:2:      layout_loops_ring, basic_altar, kennysheep_cross_room
D:3:      layout_basic, fiery_altar_vehumet, kennysheep_orc_chapel,
          uniq_natasha, uniq_ijyb
D:4:      layout_loops_cross, uniq_pikel
D:5:      dreamdust_elfheim, layout_basic, lemuel_tele_altar,
          mainiacjoe_overflow_catwalk, minmay_temple_entry_statues_fountains,
          gammafunk_ghost_split
D:6:      layout_loops_ring, lemuel_coloured_pillars_altar, old_standard_altar,
          serial_shops, kennysheep_little_box
D:7:      layout_basic, mainiacjoe_overflow_alcove_4, enter_bailey_6,
          uniq_crazy_yiuf_cottage, uniq_maurice, uniq_jeremiah, uniq_maggie
D:8:      layout_loops_ring, mainiacjoe_overflow_brackets,
          mainiacjoe_overflow_tiny_flanked, serial_library,
          serial_library_hellmonk_secret_room,
          serial_library_hellmonk_long_bookcase,
          serial_library_hellmonk_long_bookcase,
          serial_library_regret_index_headful,
          serial_library_hellmonk_open_cross, serial_library_hellmonk_room_c,
          serial_library_regret_index_branch_corner,
          serial_library_hellmonk_h_bend, serial_library_hellmonk_open_cross
D:9:      layout_roguey, nicolae_overflow_crystal_walls, gammafunk_ghost_smash
D:10:     layout_stronghold, zin_angel, nicolae_sif_muna_little_library
D:11:     layout_loops_ring, due_lair_maze_entry_diamond,
          minmay_unpleasant_kobolds
D:12:     layout_roguey [special_room_orc], orc_0_dummy,
          nicolae_trove_entry_isolated
D:13:     layout_gridville, david_vaults_3, special_room [special_room_bee],
          uniq_erolcha
D:14:     layout_loops_ring, cheibriados_altar_1
D:15:     hellmonk_depths_entry_around_the_bend, layout_cave_pools,
          trog_hazing_becter, uniq_josephine, uniq_roxanne
Temple:   jpeg_temple_clearing
Lair:1:   layout_hall_layers
Lair:2:   layout_loops_ring, serial_bayou_lagoon_b
Lair:3:   layout_cave_pods, minmay_shoals_entry_centaurs,
          spider_nest_entry_web_field, serial_bayou_lagoon_a, uniq_kirke
Lair:4:   layout_roguey [special_room_mythical_zoo], slime_entry_1, uniq_nessos
Lair:5:   minmay_lair_end_enchanted_forest, layout_big_grid, grunt_megastairs_4
Shoals:1: layout_shoals, uniq_mlioglotl, uniq_nikola
Shoals:2: layout_shoals, nicolae_shoals_the_drawing_of_the_three
Shoals:3: layout_shoals, nicolae_shoals_shepherds
Shoals:4: shoals_end_hangedman, layout_shoals, uniq_aizul
Spider:1: layout_spider_delve
Spider:2: layout_spider_delve, hangedman_spider_tarantella_strand, uniq_arachne
Spider:3: layout_spider_delve, special_room, einodemon_crawler_minivault,
          uniq_jorgrun
Spider:4: hellmonk_spider_rune_bug_friends, uniq_bai_suzhen
Orc:1:    lemuel_ogre_cave, layout_diamond_mine, uniq_nergalle
Orc:2:    grunt_orc_tribal_feast, layout_caves, gauntlet_entry_generic,
          nicolae_orc_sculptors_studio, minmay_orc_temple_a
Elf:1:    eino_elf_arrival_customs, layout_geoelf_diagonals, serial_shops, shop,
          nicolae_shop_peninsula, nicolae_shop_gibbet_a_chance, shop,
          minmay_elf_necromancy, evilmike_ambush [evilmike_ambush_outer_basic,
          evilmike_ambush_inner_basic]
Elf:2:    elven_hall_of_blades_hangedman_original
          [nicolae_blade_entry_sentries_behind_glass], layout_geoelf_octagon,
          serial_shops, shop
Elf:3:    minmay_elf_hall_four_x, layout_rooms, serial_shops, shop, uniq_norris
Vaults:1: nicolae_vaults_closet_pinwheel_4, vaults_room_octagon,
          nicolae_vaults_prndl, hangedman_vaults_restitches, v_misc_11,
          ontoclasm_vaults_ligature, hangedman_vaults_stagger,
          nicolae_vaults_hexular_roomagon, v_alt_pattern_1,
          nicolae_vaults_little_squares_2, nicolae_vaults_three_branches,
          layout_vaults_big_room, serial_shops,
          nicolae_shop_tiny_real_fake_doors
Vaults:2: nicolae_vaults_trapezoid_4, minmay_crypt_entry_vampire_xt,
          vaults_mumra_minichess_inversion, v_pattern_1, door_vault,
          ontoclasm_vaults_spin, v_misc_22, v_misc_26,
          ontoclasm_vaults_ring_small, nicolae_vaults_trapezoid_lopsided_3,
          hangedman_vaults_river_flow, nicolae_vaults_asterisk,
          layout_vaults_omnicross
Vaults:3: nicolae_vaults_windows_and_doors_thing, nicolae_vaults_wine_cellar,
          nicolae_vaults_wrenched, nicolae_vaults_mini_display_case,
          ontoclasm_vaults_chip, nicolae_vaults_diagonal_hallway_6,
          vaults_dpeg_emergency_exit, nicolae_vaults_security_offices_4,
          nicolae_vaults_double_plus_1, nicolae_vaults_border_crossing,
          nicolae_vaults_diamond_1, layout_vaults_quadrants
Vaults:4: advil_vaults_ghost_guards, nicolae_vaults_meeting,
          nicolae_vaults_ellipses_ellipsis, nicolae_vaults_house_1,
          ontoclasm_vaults_twist, nicolae_vaults_closet_pinwheel_6,
          nicolae_vaults_apartment_1, v_misc_1, layout_vaults_maze_snakey,
          serial_shops, nicolae_shop_tiny_glass
Vaults:5: uniq_saint_roka
Depths:1: layout_gridlike, hangedman_coc_ice_floe, nicolae_uskayaw_en_pointe,
          abyss_entry_crystal, minmay_misc_feat_hallway, xom_redecorated
Depths:2: nicolae_cairo_tiling_large_dashed, layout_gridlike,
          grunt_pan_entry_in_and_out, hell_entry, basic_altar,
          infiniplex_staircase_zigzag_5, minmay_shop_grove
Depths:3: dreamdust_under_siege, layout_basic, abyss_entry_glasseish,
          okawaru_gym_becter, hell_entry, minmay_crystal_room,
          infiniplex_staircase_door_maze, minmay_shoptagon, serial_bayou_shore_b
Depths:4: grunt_zot_entry_gee_three, layout_cave_pools, enter_ziggurat_c,
          grunt_decor_arrowhead, hell_entry, abyss_entry, drop_trap
Zot:1:    layout_twisted_circle, grunt_megastairs_2
Zot:2:    layout_misc_corridors, grunt_megastairs_3
Zot:3:    layout_basic
Zot:4:    nicolae_moth_party, layout_misc_corridors, bh_zot_ikea_curve
Zot:5:    layout_misc_corridors, gammafunk_ghost_necromancy

Skill      XL: |  1  2  3  4  5  6  7  8  9 10 11 12 13 14 15 16 17 18 19 20 21 22 23 24 25 |
---------------+----------------------------------------------------------------------------+-----
Polearms       | 3 4 5 6 7 9 11 13 14 16 17 19 20 21 22 24 25 26 27 | 27.0
Fighting       | 3 4 5 7 8 10 11 13 14 16 18 20 21 23 24 26 27 | 27.0
Armour         | 5 11 14 | 14.4
Shields        | 5 12 15 | 15.0
Dodging        | |  1.7
Spellcasting   | |  2.0
Conjurations   | |  3.0

Action                     |  1- 3 |  4- 6 |  7- 9 | 10-12 | 13-15 | 16-18 | 19-21 | 22-24 | 25-27 || total
---------------------------+-------+-------+-------+-------+-------+-------+-------+-------+-------++-------
  Melee: Spear             |   178 |   159 |   479 |       |       |       |       |       |       ||   816
         Tailslap          |       |       |    23 |    88 |   292 |   298 |   422 |   326 |    33 ||  1482
         Trident           |       |       |    12 |   646 |       |       |       |       |       ||   658
         Lance             |       |       |       |   128 |  1754 |  2336 |  1943 |  1751 |   268 ||  8180
         Kick              |       |       |       |       |       |       |       |     1 |    85 ||    86
  Throw: Dart              |       |       |       |     4 |       |       |       |       |       ||     4
   Cast: Kiss of Death     |     4 |     1 |       |       |       |       |       |       |       ||     5
 Invoke: Call Merchant     |       |       |       |     2 |     2 |       |     2 |     1 |       ||     7
         Bribe Branch      |       |       |       |       |       |     1 |       |     3 |       ||     4
  Evoke: Wand              |       |    11 |       |    10 |       |     6 |     1 |    14 |       ||    42
         Phantom mirror    |       |       |       |       |     1 |     1 |     2 |     1 |       ||     5
         Box of beasts     |       |       |       |       |     1 |     1 |       |       |       ||     2
         Phial of floods   |       |       |       |       |     1 |       |       |       |       ||     1
    Use: Scroll            |     7 |     3 |     7 |    11 |     6 |    10 |     8 |    14 |     2 ||    68
         Potion            |       |     2 |     6 |    12 |     5 |     2 |     4 |    20 |       ||    51
   Stab: Sleeping          |     2 |     1 |     1 |       |       |       |       |       |       ||     4
         Invisible         |       |       |     4 |       |       |       |       |       |       ||     4
         Distracted        |       |       |       |    16 |    21 |    20 |    11 |    24 |     4 ||    96
         Petrified         |       |       |       |       |     5 |       |       |     8 |       ||    13
         Confused          |       |       |       |       |       |       |       |       |     1 ||     1
 Armour: Leather armour    |    70 |    62 |   115 |       |       |       |       |       |       ||   247
         Chain mail        |       |       |    92 |    47 |   358 |   694 |   598 |   364 |       ||  2153
         Acid dragon scale |       |       |     5 |   158 |       |       |       |       |       ||   163
         Skin              |       |       |       |     4 |       |       |       |    21 |       ||    25
         Gold dragon scale |       |       |       |       |       |       |       |   226 |   102 ||   328
  Dodge: Dodged            |    84 |    50 |   120 |    64 |   116 |   241 |   179 |   118 |    17 ||   989
         Repelled          |       |       |       |       |     2 |    10 |       |       |       ||    12
  Block: Buckler           |       |    41 |   170 |   233 |    58 |       |       |       |       ||   502
         Reflection        |       |       |       |    16 |    43 |    10 |    66 |    37 |    12 ||   184
         Kite shield       |       |       |       |       |   862 |  1388 |  1367 |   902 |   154 ||  4673

Table legend: (Time is in decaauts)
 A = Elapsed time spent in this place.
 B = Non-inter-level travel time spent in this place.
 C = Inter-level travel time spent in this place.
 D = Time resting spent in this place.
 E = Time spent auto-exploring this place.
 F = Levels seen in this place.
 G = Mean time per level.
                   A        B        C        D        E       F      G
               +--------+--------+--------+--------+--------+-----+--------+
         Total |  46406 |  40093 |   6313 |   2223 |  24730 |  59 |  786.5 |
       Dungeon |  14835 |  12602 |   2233 |    577 |   9315 |  15 |  989.0 |
        Temple |     18 |      3 |     15 |      0 |      0 |   1 |   18.0 |
          Lair |   4327 |   3843 |    484 |      0 |   2942 |   5 |  865.4 |
        Shoals |   3083 |   1936 |   1147 |    184 |    579 |   4 |  770.8 |
   Spider Nest |   3612 |   3415 |    197 |    128 |   2171 |   4 |  903.0 |
  Orcish Mines |   2427 |   1901 |    526 |    307 |   1126 |   2 | 1213.5 |
   Elven Halls |   2260 |   1909 |    351 |    184 |    975 |   3 |  753.3 |
        Vaults |   6181 |   5834 |    347 |     11 |   4365 |   5 | 1236.2 |
        Depths |   3707 |   3218 |    489 |    201 |   2345 |   4 |  926.8 |
           Zot |   1746 |   1224 |    522 |     67 |    352 |   5 |  349.2 |
      Ziggurat |    775 |    775 |      0 |      0 |    464 |   8 |   96.9 |
         Trove |     60 |     60 |      0 |      0 |      2 |   1 |   60.0 |
        Bailey |   2815 |   2815 |      0 |    325 |      0 |   1 | 2815.0 |
      Gauntlet |    555 |    555 |      0 |    236 |     92 |   1 |  555.0 |
               +--------+--------+--------+--------+--------+-----+--------+

Top non-repeatable levels by time:
  Bailey: 2815 daAuts
     D:8: 1565 daAuts
Vaults:3: 1524 daAuts
   Orc:2: 1447 daAuts
    D:12: 1333 daAuts
Vaults:2: 1230 daAuts
     D:7: 1213 daAuts
Spider:4: 1170 daAuts
    D:10: 1165 daAuts
Vaults:1: 1153 daAuts
   Elf:1: 1148 daAuts
Vaults:5: 1147 daAuts
Vaults:4: 1126 daAuts
   Elf:3: 1052 daAuts
Depths:3: 1046 daAuts
